 Seeded DCSS version 0.27-a0-1202-ge72e49191c (webtiles) character file.

Game seed: 112358 (custom seed)

391 Snicker the Covert (level 6, -3/28 HPs)
             Began as a Spriggan Enchanter on June 4, 2021.
             Was a Follower of Kikubaaqudgha.
             Killed by divine providence
             ... invoked by an orc priest
              (11 damage)
             ... on level 4 of the Dungeon on June 5, 2021.
             The game lasted 00:07:16 (3676 turns).

Snicker the Covert (Spriggan Enchanter)             Turns: 3676, Time: 00:07:17

Health: -3/28      AC:  2    Str:  5    XL:     6   Next: 50%
Magic:  11/11      EV: 17    Int: 20    God:    Kikubaaqudgha [*.....]
Gold:   136        SH:  0    Dex: 16    Spells: 3/10 levels left

rFire    . . .     SeeInvis +   a - +8 rapier of Fimbulwinter {pain, Int+3}
rCold    . . .     Faith    .   (shield restricted)
rNeg     . . .     Spirit   .   q - +0 robe
rPois    .         Reflect  .   (helmet restricted)
rElec    .         Harm     .   (no cloak)
rCorr    .         Rampage  .   (gloves unavailable)
Will     +....                  (boots unavailable)
Stlth    ++++......             (no amulet)
HPRegen  0.09/turn              (no ring)
MPRegen  0.12/turn              (no ring)

@: very quick
A: very small, no large weapons, unfitting armour, see invisible, speed 3
a: Renounce Religion, Receive Corpses


You were on level 4 of the Dungeon.
You worshipped Kikubaaqudgha.
Kikubaaqudgha was aware of your devotion.
You visited 1 branch of the dungeon, and saw 4 of its levels.

You collected 136 gold pieces.

Inventory:

Hand Weapons
 a - the +8 rapier of Fimbulwinter (weapon) {pain, Int+3}
   (You found it on level 3 of the Dungeon)

   In the hands of one skilled in necromantic magic, it inflicts extra damage on
   living creatures.
   It affects your intelligence (+3).
 b - a +2 dagger of electrocution
Armour
 q - a +0 robe (worn)
Scrolls
 c - a scroll of teleportation {unknown}
 d - a scroll of immolation {unknown}
 f - 5 scrolls of identify {unknown}
 h - 2 scrolls of vulnerability {unknown}
 i - a scroll of magic mapping {unknown}
 j - a scroll of fear {unknown}
 k - 2 scrolls of enchant armour {unknown}
 o - a scroll of amnesia {unknown}
Potions
 e - 2 potions of ambrosia {unknown}
 g - a potion of resistance {unknown}
 l - 2 potions of lignification {unknown}
 m - 2 potions of invisibility {unknown}
 n - 2 potions of magic {unknown}
 p - a potion of curing
 r - a potion of heal wounds {unknown}


   Skills:
 * Level 4.1 Short Blades
 - Level 2.6 Dodging
 * Level 9.2 Stealth
 - Level 2.6 Spellcasting
 - Level 3.6 Hexes
 + Level 1.4 Ice Magic


You had 3 spell levels left.
You knew the following spells:

 Your Spells              Type           Power      Damage    Failure   Level
a - Corona                Hex            18%        N/A       3%          1
b - Ensorcelled Hibernat  Hex/Ice        24%        N/A       8%          2
c - Confusing Touch       Hex            17%        N/A       10%         3
d - Animate Skeleton      Necr           4%         N/A       14%         1

Your spell library contained the following spells:

 Spells                   Type           Power      Damage    Failure   Level
 Freeze                   Ice            32%        1d5       9%          1
 Tukima's Dance           Hex            17%        N/A       10%         3
 Apportation              Tloc           4%         N/A       14%         1
 Summon Small Mammal      Summ           8%         N/A       14%         1
 Dazzling Flash           Conj/Hex       18%        N/A       22%         3
 Frozen Ramparts          Ice            16%        1d3       24%         3
 Ozocubu's Armour         Ice            8%         N/A       24%         3
 Hailstorm                Conj/Ice       5%         3d4       73%         4
 Metabolic Englaciation   Hex/Ice        6%         N/A       82%         5


Dungeon Overview and Level Annotations

Branches:
Dungeon (4/15)             Temple (0/1) D:4

Altars:
Cheibriados
Kikubaaqudgha
Uskayaw


Innate Abilities, Weirdness & Mutations

You are very small and have problems with some larger weapons.
You are too small for most types of armour.
You have supernaturally acute eyesight. (SInv)
You cover ground extremely quickly. (Speed+++)


Message History

The orc is moderately wounded.
You hear a shout!
The orc hits you with a +0 short sword.
You hit the orc.
The orc is severely wounded.
The orc priest hits you with a +0 club.
You see here 9 gold pieces.
You closely miss the orc priest. The orc hits you with a +0 short sword.
The orc wizard casts a spell at you. The magic dart hits you!
You hit the orc.
The orc is heavily wounded.
The orc closely misses you.
Unknown command.
You closely miss the orc.
The orc is heavily wounded.
The orc misses you. The orc hits you with a +0 short sword.
The orc wizard hits you with a +1 dagger of venom.
You are poisoned.
Unknown command.
You puncture the orc!
You kill the orc!
Kikubaaqudgha accepts your kill.
You can now receive cadavers from Kikubaaqudgha.
You see here Kikubaaqudgha's Disquisition on Black Magic.
Kikubaaqudgha grants you a gift!
You feel sick. The orc completely misses you.
The orc wizard hits you with a +1 dagger of venom.
* * * LOW HITPOINT WARNING * * *
You are lethally poisoned!
The orc priest looks braver for a moment.
It was a potion of curing.
You feel better. The orc barely misses you.
The orc wizard casts a spell at you. You resist with almost no effort.
The orc priest barely misses you. The orc hits you with a +0 short sword.
* * * LOW HITPOINT WARNING * * *
The orc priest mumbles some strange prayers to Beogh against you.
Beogh smites you!
You die...
Kikubaaqudgha rasps: "You have failed me!
Welcome... death!"

##### #.........# ....#
#..)).....# ....#
####).##### ....# #.##
....# #.#
....############# ##)##
.#.....#........###...#
.#....................#
.#.............8@8.8..#
.#..(........)o.⌠.⌠...#
.#.....>......o8.>.8..#
.#...........)og⌠.⌠...#
.#.............8.8.8.##
.#...................#
.#.....#.........#.###
.#.........##.#....#
.##..#.###.##...#....


You could see an orc priest, an orc wizard, an orc and a goblin.

Vanquished Creatures
  2 ogres
  A scorpion (D:4)
  A hound (D:4)
  An orc priest (D:4)
  An iguana (D:4)
  2 adders
  A worm (D:4)
  10 orcs
  4 ball pythons (D:1)
  2 endoplasms
  2 giant cockroaches (D:4)
  A goblin (D:1)
  5 hobgoblins
  3 jackals (D:4)
  2 kobolds
  A quokka (D:1)
  3 bats
  A frilled lizard (D:3)
  5 rats
48 creatures vanquished.

Notes
Turn   | Place    | Note
-------+----------+-------------------------------------------
     0 | D:1      | Snicker the Spriggan Enchanter began the quest for the Orb.
     0 | D:1      | Reached XP level 1. HP: 9/9 MP: 5/5
   655 | D:1      | Reached skill level 5 in Stealth
   740 | D:1      | Reached XP level 2. HP: 10/13 MP: 6/6
   747 | D:1      | Learned a level 2 spell: Ensorcelled Hibernation
  1255 | D:2      | Found a hide-covered altar of Uskayaw.
  2137 | D:3      | Reached XP level 3. HP: 12/16 MP: 5/8
  2141 | D:3      | Reached skill level 6 in Stealth
  2153 | D:3      | Learned a level 3 spell: Confusing Touch
  2508 | D:3      | Noticed an ogre
  2524 | D:3      | Identified the +8 rapier of Fimbulwinter {pain, Int+3}
  2527 | D:3      | Learned a level 1 spell: Animate Skeleton
  2914 | D:3      | Killed an ogre
  2915 | D:3      | Reached skill level 7 in Stealth
  2915 | D:3      | Reached skill level 1 in Ice Magic
  2915 | D:3      | Reached XP level 4. HP: 21/21 MP: 9/9
  3008 | D:3      | Found an ancient bone altar of Kikubaaqudgha.
  3011 | D:3      | Found a snail-covered altar of Cheibriados.
  3013 | D:3      | Became a worshipper of Kikubaaqudgha
  3131 | D:4      | Reached skill level 8 in Stealth
  3131 | D:4      | Reached XP level 5. HP: 24/24 MP: 10/10
  3163 | D:4      | Noticed an ogre
  3232 | D:4      | Killed an ogre
  3233 | D:4      | Reached XP level 6. HP: 23/28 MP: 3/11
  3470 | D:4      | Reached skill level 9 in Stealth
  3563 | D:4      | Found a staircase to the Ecumenical Temple.
  3673 | D:4      | Reached * piety under Kikubaaqudgha
  3673 | D:4      | Identified Kikubaaqudgha's Disquisition on Black Magic
                  | (Kikubaaqudgha gifted it to you on level 4 of the Dungeon)
  3673 | D:4      | Received a gift from Kikubaaqudgha
  3676 | D:4      | Killed from afar by an orc priest

Illustrated notes

Levels and vault maps discovered:
D:1:      dpeg_arrival_signposts, layout_basic, minmay_misc_feat_hallway
D:2:      layout_basic, basic_altar
D:3:      layout_basic, minitemple, dk_noncrumbling_3,
          kennysheep_generic_room_15
D:4:      layout_rooms, minmay_temple_entry_statues_fountains,
          columned_hall_lemuel, minivault_27

Skill      XL: |  1  2  3  4  5  6 |
---------------+-------------------+-----
Stealth        | 5 7 8 9 |  9.2
Short Blades   | 2 3 4 |  4.1
Ice Magic      | 1 |  1.4
Dodging        | |  2.6
Spellcasting   | |  2.6
Hexes          | |  3.6

Action                   |  1- 3 |  4- 6 || total
-------------------------+-------+-------++-------
Melee: Dagger            |    78 |       ||    78
       Rapier            |     2 |    42 ||    44
 Cast: Ensorcelled Hiber |    19 |    11 ||    30
  Use: Potion            |       |     1 ||     1
 Stab: Sleeping          |    16 |     8 ||    24
       Distracted        |       |     1 ||     1
Armor: Robe              |     8 |     3 ||    11
Dodge: Dodged            |    72 |    37 ||   109

Table legend: (Time is in decaauts)
 A = Elapsed time spent in this place.
 B = Non-inter-level travel time spent in this place.
 C = Inter-level travel time spent in this place.
 D = Time resting spent in this place.
 E = Time spent auto-exploring this place.
 F = Levels seen in this place.
 G = Mean time per level.
                   A        B        C        D        E       F      G
               +--------+--------+--------+--------+--------+-----+--------+
         Total |   2741 |   2673 |     68 |    339 |   1889 |   4 |  685.2 |
       Dungeon |   2741 |   2673 |     68 |    339 |   1889 |   4 |  685.2 |
               +--------+--------+--------+--------+--------+-----+--------+

Top non-repeatable levels by time:
     D:1: 942 daAuts
     D:3: 732 daAuts
     D:2: 620 daAuts
     D:4: 446 daAuts
